 Dungeon Crawl Stone Soup version 0.21.0 (webtiles) character file.

128 AgrsvlyMoist the Conjurer (level 4, -5/33 HPs)
             Began as a Draconian Conjurer on July 24, 2018.
             Killed from afar by an orc wizard (10 damage)
             ... with a puff of flame
             ... on level 3 of the Dungeon.
             The game lasted 00:10:49 (3219 turns).

AgrsvlyMoist the Conjurer (Draconian Conjurer)      Turns: 3219, Time: 00:10:49

Health: -5/33      AC:  5    Str: 10    XL:     4   Next: 87%
Magic:  6/7        EV: 12    Int: 17    God:
Gold:   124        SH:  0    Dex: 11    Spells: 6/7 levels left

rFire    . . .     SeeInvis .   m - +2 whip
rCold    . . .     Gourm    .   (no shield)
rNeg     . . .     Faith    .   (armour unavailable)
rPois    +         Spirit   .   (helmet restricted)
rElec    .         Reflect  .   (no cloak)
rCorr    .         Harm     .   (no gloves)
MR       .....                  (no boots)
Stlth    ++........             (no amulet)
HPRegen  0.11/turn              j - ring of poison resistance
MPRegen  0.10/turn              (no ring)

@: no status effects
A: unfitting armour, cold-blooded, AC +5
a: no special abilities


You were on level 3 of the Dungeon.
You were not hungry.

You visited 1 branch of the dungeon, and saw 3 of its levels.

You collected 124 gold pieces.

Inventory:

Hand Weapons
 c - a +0 dagger
 m - a +2 whip (weapon)
Missiles
 e - a throwing net (quivered)
Jewellery
 j - a ring of poison resistance (left hand)
Scrolls
 f - 2 scrolls of teleportation
Books
 a - a book of Conjurations

   Spells                             Type                      Level
   a - Magic Dart                     Conjuration                  1
   b - Searing Ray                    Conjuration                  2
   c - Dazzling Spray                 Conjuration/Hexes            3
   d - Fulminant Prism                Conjuration/Hexes            4
   e - Force Lance                    Conjuration/Translocation    4
   f - Iskenderun's Mystic Blast      Conjuration                  4
Comestibles
 b - 7 rations
 i - 5 chunks of flesh


   Skills:
 - Level 0.8 Short Blades
 - Level 1.2 Maces & Flails
 - Level 2.3 Dodging
 - Level 1.9 Stealth
 - Level 0.5 Unarmed Combat
 - Level 2.1 Spellcasting
 + Level 5.4 Conjurations


You had 6 spell levels left.
You knew the following spells:

 Your Spells              Type           Power        Failure   Level  Hunger
a - Magic Dart            Conj           ###.         1%          1    #......


Dungeon Overview and Level Annotations

Branches:
Dungeon (3/15)

Altars:
Dithmenos


Innate Abilities, Weirdness & Mutations

Your plain brown scales are hard. (AC +5)
You cannot fit into any form of body armour.
You are cold-blooded and may be slowed by cold attacks.


Message History

You barely miss something. Something hits you but does no damage.
You closely miss something.
You feel less confused. Something hits you but does no damage.
The orc priest miscasts a cantrip.
You miss something.
You hear some strange, mumbled words.
Something tries to affect you, but you resist.
You hit something. Something hits you but does no damage.
The orc priest casts a cantrip, but nothing happens.
You hear some strange, mumbled words.
Something tries to affect you, but you resist.
You hit something but do no damage.
You feel less wooden. Something hits you but does no damage.
You see here an orc skeleton.
The orc priest begins to cast a cantrip, but forgets the words!
A puff of flame appears from out of thin air!
The puff of flame hits you!
You die...

#......+... ......#
#......#.##.# #.#..##
#......#.#...# #.#..##
####...####.#...# #.#..# .
#........##.#...# #.#... .
#.#...##..###...# .
#.#..##....##...# # .
#....#._...#...##.#.. .
#....##.@..#......).. .
###...##..##......... .####
##.....##o###......
....#########..####.# #....
.......#......#####.##....)..
......)......o÷.o..)......# #
.......#......###....####.#
.......#......# #........
.......#......# #.....###


You could see an orc priest.

Vanquished Creatures
  A worker ant (D:2)
  3 adders (D:2)
  2 worms (D:3)
  2 dart slugs (D:1)
  A leopard gecko (D:2)
  5 orcs (D:3)
  3 giant cockroaches
  11 goblins
  10 hobgoblins
  5 kobolds
  A quokka (D:3)
  8 bats
  5 frilled lizards (D:2)
  3 rats
60 creatures vanquished.

Notes
Turn   | Place    | Note
-------+----------+-------------------------------------------
     0 | D:1      | AgrsvlyMoist the Draconian Conjurer began the quest for the Orb.
     0 | D:1      | Reached XP level 1. HP: 14/14 MP: 3/3
   184 | D:1      | Reached XP level 2. HP: 16/20 MP: 1/5
  1033 | D:2      | Reached XP level 3. HP: 26/26 MP: 3/6
  1251 | D:2      | HP: 1/26 [poisoned by a worker ant]
  1279 | D:2      | Learned a level 1 spell: Magic Dart
  1718 | D:2      | Reached skill level 1 in Maces & Flails
  1718 | D:2      | Reached XP level 4. HP: 6/33 MP: 0/7
  1739 | D:2      | HP: 1/33 [poisoned by a worker ant]
  2204 | D:2      | Reached skill level 5 in Conjurations
  3034 | D:3      | Found a shadowy altar of Dithmenos.
  3219 | D:3      | Killed from afar by an orc wizard

Skill      XL: |  1  2  3  4 |
---------------+-------------+-----
Dodging        | 2 |  2.3
Maces & Flails | 1 |  1.2
Conjurations   | 5 |  5.4
Short Blades   | |  0.8
Stealth        | |  1.9
Unarmed Combat | |  0.5
Spellcasting   | |  2.1

Action                   |  1- 3 |  4- 6 || total
-------------------------+-------+-------++-------
Melee: Unarmed           |    11 |       ||    11
       Tailslap          |     4 |     3 ||     7
       Dagger            |    20 |       ||    20
       Whip              |    11 |    43 ||    54
Throw: Throwing net      |     2 |       ||     2
 Cast: Magic Dart        |    61 |    58 ||   119
  Use: Scroll            |     6 |     5 ||    11
       Potion            |     1 |     2 ||     3
  Eat: Chunk             |     2 |     7 ||     9
Armor: Skin              |    11 |    37 ||    48
Dodge: Dodged            |    35 |     6 ||    41
